 Dungeon Crawl Stone Soup version 0.30-a0-989-g0d87f670db (webtiles) character file.

Game seed: 6810661325790005739

1 jasper the Firebug (level 1, -3/15 HPs)
             Began as a Demonspawn Wanderer on Apr 3, 2023.
             Slain by a gnoll
             ... wielding a +0 club
              (5 damage)
             ... on level 1 of the Dungeon.
             The game lasted 00:00:43 (85 turns).

jasper the Firebug (Demonspawn Wanderer)              Turns: 85, Time: 00:00:44

Health: -3/15      AC:  3    Str: 10    XL:     1   Next: 16%
Magic:  0/2        EV: 11    Int: 13    God:
Gold:   24         SH:  0    Dex: 14    Spells: 1/2 levels left

rFire   . . .      SeeInvis .    a - +0 dagger
rCold   . . .      Faith    .    (no shield)
rNeg    . . .      Spirit   .    c - +0 robe
rPois   .          Reflect  .    (no helmet)
rElec   .          Rampage  .    (no cloak)
rCorr   .                        (no gloves)
Will    .....                    d - +0 pair of boots
Stlth   ++                       (no amulet)
HPRegen 0.22/turn                (no ring)
MPRegen 0.08/turn                (no ring)

@: no status effects
A: no striking features
a: no special abilities


You were on level 1 of the Dungeon.
You visited 1 branch of the dungeon, and saw 1 of its levels.

You collected 24 gold pieces.

Inventory:

Hand Weapons
 a - a +0 dagger (weapon)
Armour
 c - a +0 robe (worn)
 d - a +0 pair of boots (worn)
Scrolls
 b - a scroll of fog


   Skills:
 - Level 1.0 Fighting
 - Level 1.7 Stealth
 + Level 1.0 Spellcasting
 + Level 0.1 Transmutations
 - Level 2.6 Fire Magic
 + Level 2.0 Poison Magic
 - Level 1.0 Evocations


You had one spell level left.
You knew the following spells:

 Your Spells              Type           Power      Damage    Failure   Level
a - Sting                 Tmut/Pois      12%        1d3       19%         1

Your spell library contained the following spells:

 Spells                   Type           Power      Damage    Failure   Level
 Foxfire                  Conj/Fire      16%        2x1d2     16%         1
 Scorch                   Fire           14%        2d5       14%         2
 Ignite Poison            Fire/Tmut/Pois 4%         N/A       41%         3
 Summon Guardian Golem    Hex/Summ       0%         N/A       63%         3
 Orb of Destruction       Conj           0%         9d5       100%        7
 Spellforged Servitor     Conj/Summ      0%         N/A       100%        7


Dungeon Overview and Level Annotations

Branches:
Dungeon (1/15)

Altars:


Message History

Aim: a gnoll, wielding a +0 club (69% to hit)
You miscast Sting.
You are very lightly contaminated with residual magic.
Nothing appears to happen.
You now have 1/2 mp.
Aiming: Sting (safe; 19% risk of failure)
Press: ? - help, Q - select action Shift-Dir - straight line, f/p - gnoll
Aim: a gnoll, wielding a +0 club (69% to hit)
The sting misses the gnoll.
The gnoll closely misses you.
You now have 0/2 mp.
Your magical contamination has completely faded away.
The gnoll attacks as you move away! The gnoll hits you with a +0 club.
You take 5 damage, and have 10/15 hp.
MASSIVE DAMAGE!!
The gnoll attacks as you move away! The gnoll hits you with a +0 club!
* * * LOW HITPOINT WARNING * * *
You take 7 damage, and have 3/15 hp.
MASSIVE DAMAGE!!
It was a potion of heal wounds.
You feel much better. The gnoll closely misses you.
Health restored: 15
Aiming: Sting (safe; 19% risk of failure)
Press: ? - help, Q - select action Shift-Dir - straight line, f/p - gnoll
Aim: a gnoll, wielding a +0 club (69% to hit)
The sting hits the gnoll.
The gnoll is poisoned.
The gnoll is lightly wounded.
The gnoll hits you with a +0 club.
You take 4 damage, and have 11/15 hp.
MASSIVE DAMAGE!!
You now have 0/2 mp.
You hit the gnoll. Your punch misses the gnoll.
The gnoll is lightly wounded.
The gnoll hits you with a +0 club.
You take 4 damage, and have 7/15 hp.
MASSIVE DAMAGE!!
You hit the gnoll but do no damage.
The gnoll is moderately wounded.
The gnoll closely misses you. The gnoll attacks as you move away!
The gnoll hits you with a +0 club.
* * * LOW HITPOINT WARNING * * *
You take 6 damage, and have 2/15 hp.
MASSIVE DAMAGE!!
The gnoll attacks as you move away! The gnoll barely misses you.
The gnoll attacks as you move away! The gnoll hits you with a +0 club.
You die...

#.#.. ...# . #.#.# #..#... ###
##. #.#.# ...#... #... ....
#.#.####...#.. ##... ....
#.#........#.. #...###...#
#.#.######.#.########.#...#<.....
...........#.#........#...#......
###..†..##.#.#.#########.........
..'............g@.....##......#..
###.....##.##..######.##.........
#.....##.##..# #.#...#......
#.....##.##..# #.#...#......
#.....##.##..######.#...###...#
#....................#.........
#....###.##..#########.........
#....# #.##..# ########...###.
#... ...............


You could see a gnoll (poisoned).

Vanquished Creatures
  A giant cockroach (D:1)
1 creature vanquished.

Notes
Turn   | Place    | Note
-------+----------+-------------------------------------------
     0 | D:1      | jasper the Demonspawn Wanderer began the quest for the Orb.
     0 | D:1      | jasper set off with the following items: a +0 dagger, a
                  | scroll of fog, a +0 robe, a +0 pair of boots; and the
                  | following spells available to memorise: Scorch, Foxfire,
                  | Sting, Ignite Poison.
     0 | D:1      | Reached XP level 1. HP: 15/15 MP: 2/2
     2 | D:1      | Learned a level 1 spell: Sting
    85 | D:1      | Slain by a gnoll

Illustrated notes

Levels and vault maps discovered:
D:1:      minmay_arrival_open_corners, layout_basic,
          dilly_ecumenical_altar_fadedgnrine

Action                     || total
---------------------------++-------
  Melee: Dagger            ||     3
   Cast: Sting             ||     3
    Use: Potion            ||     1
  Dodge: Dodged            ||     4

Table legend: (Time is in decaauts)
 A = Elapsed time spent in this place.
 B = Non-inter-level travel time spent in this place.
 C = Inter-level travel time spent in this place.
 D = Time resting spent in this place.
 E = Time spent auto-exploring this place.
 F = Levels seen in this place.
 G = Mean time per level.
                   A        B        C        D        E       F      G
               +--------+--------+--------+--------+--------+-----+--------+
         Total |     85 |     85 |      0 |      0 |     51 |   1 |   85.0 |
       Dungeon |     85 |     85 |      0 |      0 |     51 |   1 |   85.0 |
               +--------+--------+--------+--------+--------+-----+--------+

Top non-repeatable levels by time:
     D:1: 85 daAuts
